 Dungeon Crawl Stone Soup version 0.24.0-123-gd5b16e6ec5 (webtiles) character file.

Game seed: 809325131098741900, levelgen mode: deterministic

2716 Emblim88 the Slinger (level 9, -9/47 HPs)
             Began as a Spriggan Hunter on Jan 3, 2020.
             Was a Follower of Dithmenos.
             Mangled by a large slime creature (37 damage)
             ... on level 7 of the Dungeon.
             The game lasted 00:19:17 (9137 turns).

Emblim88 the Slinger (Spriggan Hunter)              Turns: 9137, Time: 00:19:17

Health: -9/47      AC:  5    Str:  8    XL:     9   Next: 39%
Magic:  14/14      EV: 25    Int: 12    God:    Dithmenos [*.....]
Gold:   444        SH:  3    Dex: 24    Spells: 8/8 levels left

rFire    . . .     SeeInvis +   a - +1 hunting sling
rCold    . . .     Gourm    .   (shield restricted)
rNeg     . . .     Faith    .   c - +0 robe
rPois    .         Spirit   .   H - +2 hat
rElec    .         Reflect  +   w - +0 cloak
rCorr    .         Harm     .   (gloves unavailable)
MR       ++...                  (boots unavailable)
Stlth    +++++.....             z - +3 amulet of reflection
HPRegen  0.15/turn              A - ring of protection from magic
MPRegen  0.14/turn              k - +4 ring of dexterity

@: wreathed by umbra, very quick
A: very small, unfitting armour, see invisible, herbivore, speed 3, slow
metabolism 2
a: Renounce Religion


You were on level 7 of the Dungeon.
You worshipped Dithmenos.
Dithmenos was aware of your devotion.
You were not hungry.

You visited 2 branches of the dungeon, and saw 8 of its levels.
You also visited: Sewer.

You collected 444 gold pieces.

Inventory:

Hand Weapons
 a - a +1 hunting sling (weapon)
 D - a +1 dagger of speed
Missiles
 d - 2 sling bullets (quivered)
Armour
 c - a +0 robe (worn)
 w - a +0 cloak (worn)
 H - a +2 hat (worn)
 J - +0 gold dragon scales
Jewellery
 h - an uncursed ring of poison resistance
 k - a +4 ring of dexterity (right hand)
 l - an uncursed ring of resist corrosion
 o - an uncursed ring of fire
 p - an uncursed amulet of the acrobat
 t - an uncursed amulet of guardian spirit
 z - a +3 amulet of reflection (around neck)
 A - a ring of protection from magic (left hand)
 I - an uncursed ring of protection from cold
Wands
 u - a wand of flame (2)
 B - a wand of iceblast (22)
 M - a wand of digging (6)
Scrolls
 b - a scroll of noise {unknown}
 e - 7 scrolls of remove curse
 n - 5 scrolls of teleportation
 r - 3 scrolls of fog
 s - 2 scrolls of amnesia
 y - a scroll of enchant armour
 G - a scroll of random uselessness
 L - a scroll of holy word
Potions
 g - 2 potions of ambrosia
 i - 8 potions of curing
 j - a potion of mutation
 m - a potion of lignification
 x - a potion of resistance
 C - 3 potions of magic
 F - 3 potions of degeneration
 K - a potion of might
Comestibles
 f - 9 rations


   Skills:
 + Level 5.1 Fighting
 + Level 11.0 Slings
 + Level 7.4 Dodging
 + Level 7.1 Stealth
 + Level 5.4 Evocations


You had 8 spell levels left.
You didn't know any spells.
Your spell library contained the following spells:

 Spells                   Type           Power        Failure   Level  Hunger
 Corona                   Hex            #......      32%         1    ##.....
 Freeze                   Ice            #...         32%         1    ##.....
 Slow                     Hex            #.......     45%         2    ###....
 Throw Frost              Conj/Ice       #.....       45%         2    ###....
 Inner Flame              Hex/Fire       #.......     69%         3    ####...
 Ozocubu's Armour         Chrm/Ice       #.......     69%         3    ####...
 Portal Projectile        Hex/Tloc       #.....       69%         3    ####...
 Cause Fear               Hex            #.........   97%         4    #####..
 Leda's Liquefaction      Hex/Erth       #.........   97%         4    #####..
 Summon Ice Beast         Ice/Summ       #.......     97%         4    #####..
 Throw Icicle             Conj/Ice       #.......     97%         4    #####..


Dungeon Overview and Level Annotations

Branches:
Dungeon (7/15)             Temple (1/1) D:6           Sewer (visited)

Altars:
Ashenzari
Cheibriados
Dithmenos
Elyvilon
Fedhas
Gozag
Hepliaklqana
Kikubaaqudgha
Makhleb
Nemelex Xobeh
Okawaru
Qazlal
Ru
Sif Muna
Trog
Uskayaw
Vehumet
Wu Jian
Xom
Yredelemnul
Zin
The Shining One

Shops:
D:6 %

Annotations:
D:4 1 runed translucent door, Delamore's ghost, novice HOFi
D:7 1 runed translucent door, Crazy Yiuf


Innate Abilities, Weirdness & Mutations

You are very small and have problems with some larger weapons.
You are too small for most types of armour.
You have supernaturally acute eyesight. (SInv)
You are a herbivore.
You cover ground extremely quickly.
You need to consume almost no food.


Message History

The slime creature is caught in the net!
The slime creature is moderately wounded.
The slime creature struggles against the net.
Throwing (i - inventory)
E - a throwing net (quivered)
Press: ? - help, Shift-Dir - straight line, f/p - slime creature
Aim: a slime creature (moderately wounded, entangled in a net, umbra)
You throw a throwing net.
The throwing net hits the slime creature.
The slime creature is moderately wounded.
The slime creature struggles against the net.
The slime creature quivers.
Two slime creatures merge to form a large slime creature.
You see here a sling bullet.
d - a sling bullet You see here a sling bullet.
d - 2 sling bullets (gained 1)
The slime creature completely misses you.
The large slime creature hits you!!!
Ouch! That really hurt!
You die...

#.##.#...#.###.........
#.##.#...#.###.(.......
####.#...).((((........
#.#...#(###......... ####
##.#...#.###(..(.###. ..#
#.................... # #.#
##.#...#####.....###.
#.##.#####.#.J..# #.....# #.
#....((.((.(@J..#####....###.
#.##.#####.#.##((.((..((..(..
#.#####.#.............###.
#.......#.##.#####......(.
##.....................###(
#......................# #.
#..##.###..##.######...# #(
#......(..(##.# #...# #(
#..##.##...#### #...# #(


You could see a large slime creature and a slime creature.

Vanquished Creatures
  3 slime creatures (D:7)
  2 orc warriors
  A sky beast (D:6)
  A phantom (D:2)
  3 ogres
  3 centaurs
  A big kobold (D:7)
  Blork the orc (D:5)
  A bullfrog (Sewer)
  A scorpion (D:6)
  4 wights (D:7)
  2 howler monkeys
  A crimson imp (D:7)
  A hound (D:6)
  3 orc wizards
  A jelly (D:4)
  2 iguanas
  4 worker ants
  A hound zombie (D:5)
  2 hound skeletons
  6 gnolls
  12 adders
  4 shadow imps
  2 adder zombies
  6 worms
  8 leopard geckos
  14 orcs
  12 giant cockroaches
  8 goblins
  8 hobgoblins
  21 jackals
  4 quokkas
  2 ball pythons (Sewer)
  8 bats
  15 frilled lizards
  14 kobolds
  2 quokka skeletons
  7 rats
191 creatures vanquished.

Vanquished Creatures (others)
  A centaur (D:7)
  A fungus (D:7)
2 creatures vanquished.

Grand Total: 193 creatures vanquished

Notes
Turn   | Place    | Note
-------+----------+-------------------------------------------
     0 | D:1      | Emblim88 the Spriggan Hunter began the quest for the Orb.
     0 | D:1      | Reached XP level 1. HP: 10/10 MP: 2/2
   186 | D:1      | Reached skill level 5 in Slings
   188 | D:1      | Reached XP level 2. HP: 15/15 MP: 3/3
   554 | D:1      | Reached XP level 3. HP: 18/18 MP: 4/4
  1406 | D:2      | Found a shattered altar of Ashenzari.
  1408 | D:2      | Found a sacrificial altar of Ru.
  1411 | D:2      | Found a hazy altar of Hepliaklqana.
  1411 | D:2      | Found an ancient bone altar of Kikubaaqudgha.
  1412 | D:2      | Found an iron altar of Okawaru.
  1412 | D:2      | Found a burning altar of Makhleb.
  1482 | D:2      | Reached skill level 6 in Slings
  1900 | D:2      | Noticed a phantom
  1901 | D:2      | Reached XP level 4. HP: 23/23 MP: 5/5
  2030 | D:2      | Killed a phantom
  2030 | D:2      | Reached skill level 7 in Slings
  2030 | D:2      | Reached XP level 5. HP: 16/26 MP: 6/6
  2500 | D:3      | Reached skill level 8 in Slings
  2500 | D:3      | Reached XP level 6. HP: 31/32 MP: 7/7
  2919 | D:3      | Found a glowing drain.
  2927 | Sewer    | Entered a sewer
  3124 | Sewer    | Reached skill level 9 in Slings
  3508 | D:4      | Reached XP level 7. HP: 35/35 MP: 8/8
  3775 | D:4      | Found a runed translucent door.
  3931 | D:4      | Noticed Delamore's ghost (novice HOFi)
  4111 | D:5      | Entered Level 5 of the Dungeon
  4146 | D:5      | Noticed Blork the orc
  4160 | D:5      | Killed Blork the orc
  4177 | D:5      | Found a shimmering blue altar of Sif Muna.
  4356 | D:5      | Noticed a two-headed ogre
  4672 | D:5      | Found a snail-covered altar of Cheibriados.
  5106 | D:6      | Reached skill level 10 in Slings
  5106 | D:6      | Reached skill level 1 in Evocations
  5157 | D:6      | Found a staircase to the Ecumenical Temple.
  5183 | Temple   | Entered the Ecumenical Temple
  5361 | Temple   | Became a worshipper of Dithmenos the Shadowed
  5401 | D:6      | Found an opulent altar of Gozag.
  5520 | D:6      | Found a glowing silver altar of Zin.
  5521 | D:6      | Noticed an angel
  5567 | D:6      | Reached XP level 8. HP: 42/42 MP: 10/10
  5805 | D:6      | Reached skill level 5 in Dodging
  6179 | D:6      | Found Tiusmyim's Food Boutique.
  6585 | D:7      | Reached skill level 5 in Stealth
  6909 | D:7      | Reached * piety under Dithmenos
  7004 | D:7      | Found a sparkling altar of Nemelex Xobeh.
  7115 | D:7      | Found a stormy altar of Qazlal.
  7115 | D:7      | Found a hide-covered altar of Uskayaw.
  7132 | D:7      | Reached XP level 9. HP: 46/46 MP: 13/13
  7625 | D:7      | Reached skill level 5 in Evocations
  7730 | D:7      | Reached skill level 5 in Fighting
  8268 | D:7      | Found a runed translucent door.
  8269 | D:7      | Noticed Crazy Yiuf
  8292 | D:7      | Found an ornate altar of the Wu Jian Council.
  8808 | D:7      | Reached skill level 11 in Slings
  9137 | D:7      | Mangled by a large slime creature

Levels and vault maps discovered:
D:1:      co_arrival_random_square_maze, layout_basic, minmay_tetromino_o4
D:2:      layout_basic, grunt_temple_overflow_open
D:3:      layout_rooms, serial_undead, serial_undead_e, serial_undead_f,
          serial_undead_d, serial_undead_b, gup_sewer_entry_bubbles,
          first_ration, minmay_misc_feat_tower, st_stairs_11,
          hangedman_feature_mirror
D:4:      layout_loops_cross, ebering_ghost_sewer_d, minmay_misc_feat_diagonals
D:5:      cheibrodos_fzero, layout_loops_cross, nicolae_overflow_crystal_walls,
          chequers_serial_rivers_micro_b, lemuel_blue_sif_altar,
          uniq_blork_the_orc
D:6:      layout_basic, zin_angel, kennysheep_mini_moat,
          minmay_temple_entry_statues_pillars, serial_shops, nicolae_shop_trees
D:7:      layout_basic, nicolae_overflow_quartered_altars,
          uniq_crazy_yiuf_cottage
Temple:   nicolae_temple_figure_zero

Skill      XL: |  1  2  3  4  5  6  7  8  9 |
---------------+----------------------------+-----
Slings         | 5 6 7 8 9 10 11 | 11.0
Fighting       | 2 3 4 5 |  5.1
Dodging        | 4 6 7 |  7.4
Stealth        | 3 6 7 |  7.1
Evocations     | 1 4 5 |  5.4

Action                   |  1- 3 |  4- 6 |  7- 9 || total
-------------------------+-------+-------+-------++-------
 Fire: Hunting sling     |    99 |   243 |   670 ||  1012
Throw: Dart              |       |       |     5 ||     5
       Throwing net      |       |       |     2 ||     2
Evoke: Wand              |       |       |    17 ||    17
  Use: Scroll            |       |       |    11 ||    11
       Potion            |       |       |     4 ||     4
  Eat: Ration            |       |       |     2 ||     2
Armor: Robe              |       |     8 |     9 ||    17
Dodge: Dodged            |    15 |    88 |    98 ||   201
Block: Other             |       |       |    20 ||    20
       Reflection        |       |       |     4 ||     4
